AoeStats
← Corsican Pirate

Fortress

509623826Analyzed
4v4 RM · 6d ago on Sep 27, 2026· 37m 46s· 8 players
Game mode
Random Map
Map size
Huge
Population
200
Speed
Normal
Resources
Standard
Victory
Conquest
Starting age
Dark Age
Ending age
Imperial Age
RankedLock teamsTeams togetherTeam positionsShared explorationLock speedFull tech treeHidden civsTurbo modeCheats
Victory
Defeat
🇨🇳 Magyars · China
1326
+17
🇨🇳 Huns · China
1326
+17
🇨🇳 Portuguese · China
1316
+17
🇮🇳 Franks · India
1298
+18
🇲🇽 Italians · Mexico
1356
-19
🇲🇽 Chinese · Mexico
1348
-17
🇲🇽 Danes · Mexico
1336
-17
🇩🇪 Persians · Germany
1323
-16
DimitryKz
6:52 Feudal Age
10:38 Castle Age
8:56 Double-Bit Axe
8:55 Horse Collar
11:43 Bow Saw
13:19 Heavy Plow
17:36 Wheelbarrow
18:48 Gold Mining
20:54 Gold Shaft Mining
21:44 Hand Cart
21:52 Loom
24:54 Imperial Age
22:10 Town Watch
23:54 Bloodlines
24:00 Town Patrol
24:17 Scale Barding Armor
24:23 Forging
24:17 Husbandry
24:47 Heavy Camel Rider
25:59 Cavalier
27:37 Stone Mining
31:23 Chain Barding Armor
31:39 Iron Casting
31:23 Masonry
31:35 Ballistics
31:54 Conscription
31:45 Savar
33:58 Two-Man Saw
Gúthwinë
6:44 Feudal Age
10:45 Castle Age
9:03 Double-Bit Axe
10:48 Fletching
11:33 Horse Collar
19:46 Bodkin Arrow
22:39 Heavy Plow
25:27 Padded Archer Armor
29:20 Wheelbarrow
31:43 Imperial Age
29:53 Gold Mining
30:19 Bow Saw
30:33 Fortified Wall
30:57 Leather Archer Armor
31:04 Ballistics
30:51 Loom
31:32 Town Watch
32:08 Hand Cart
31:54 Stone Mining
33:00 Conscription
33:43 Chemistry
33:45 Squires
33:24 Pikeman
34:41 Scale Mail Armor
34:53 Forging
35:40 Halberdier
37:48 Scale Mail Armor
Glamdring
7:34 Feudal Age
12:10 Castle Age
10:19 Double-Bit Axe
10:35 Horse Collar
12:24 Loom
17:04 Scale Mail Armor
17:31 Fletching
20:02 Forging
28:43 Pikeman
30:02 Iron Casting
29:49 Arson
30:51 Heavy Plow
31:38 Squires
32:37 Chain Mail Armor
Corsican Pirate
7:54 Feudal Age
6:13 Loom
12:13 Castle Age
10:07 Double-Bit Axe
11:59 Horse Collar
14:29 Wheelbarrow
14:36 Bow Saw
17:31 Heavy Plow
18:39 Hand Cart
22:54 Town Watch
29:09 Imperial Age
28:13 Pikeman
28:57 Scale Mail Armor
29:07 Forging
29:09 Fletching
31:13 Chemistry
30:56 Conscription
33:24 Pikeman
35:51 Bodkin Arrow
35:58 Padded Archer Armor
_GeeK_
7:31 Feudal Age
8:45 Double-Bit Axe
11:31 Castle Age
9:40 Gold Mining
12:31 Bow Saw
13:37 Wheelbarrow
18:21 Stone Mining
20:44 Hand Cart
21:29 Loom
21:30 Town Watch
25:41 Imperial Age
24:16 Scale Barding Armor
24:48 Gold Shaft Mining
25:45 Chain Barding Armor
26:24 Forging
27:07 Plate Barding Armor
25:58 Cavalier
26:39 Husbandry
27:04 Conscription
28:00 Iron Casting
27:18 Paladin
30:02 Chemistry
28:44 Treadmill Crane
29:26 Ballistics
29:18 Masonry
30:55 Blast Furnace
30:05 Siege Engineers
29:57 Murder Holes
29:25 Pikeman
30:05 Squires
31:18 Fletching
31:29 Padded Archer Armor
32:02 Architecture
31:18 Arrowslits
31:24 Guard Tower
31:45 Fortified Wall
31:38 Caravan
32:31 Halberdier
34:50 Coinage
34:43 Bodkin Arrow
35:05 Leather Archer Armor
34:54 Scale Mail Armor
36:51 Banking
38:17 Town Patrol
2265138721
7:18 Feudal Age
8:23 Double-Bit Axe
10:53 Castle Age
12:32 Bow Saw
19:39 Wheelbarrow
24:38 Fletching
25:18 Loom
32:31 Corvinian Army
32:44 Scale Barding Armor
34:47 Horse Collar
12014665
7:05 Feudal Age
6:03 Loom
11:29 Castle Age
9:24 Horse Collar
10:17 Double-Bit Axe
13:04 Wheelbarrow
13:35 Bow Saw
22:40 Heavy Plow
25:18 Ballistics
27:31 Imperial Age
27:42 Hand Cart
27:59 Gold Mining
30:14 Two-Man Saw
29:11 Pikeman
29:46 Elite Organ Gun
30:36 Stone Mining
31:25 Forging
31:18 Scale Mail Armor
32:50 Chemistry
32:24 Conscription
33:11 Iron Casting
33:36 Halberdier
34:18 Arson
34:57 Chain Mail Armor
35:43 Blast Furnace
36:37 Stone Shaft Mining
37:17 Plate Mail Armor
36:39 Fletching
36:50 Padded Archer Armor
mipolin
7:31 Feudal Age
11:14 Castle Age
9:40 Double-Bit Axe
13:17 Bow Saw
14:35 Horse Collar
17:15 Forging
17:10 Scale Barding Armor
17:46 Gold Mining
20:26 Scale Barding Armor
22:16 Chain Barding Armor
24:17 Iron Casting
24:06 Husbandry
24:17 Bloodlines
32:05 Imperial Age
30:55 Gold Shaft Mining
31:33 Wheelbarrow
32:13 Elite Tarkan
33:55 Plate Barding Armor
34:21 Blast Furnace
36:40 Blast Furnace
35:53 Guilds
36:46 Bloodlines
Connection lost

Rejoining the realm…

Still unreachable

The connection could not be restored.

Session expired

The server has moved on; the page needs a fresh start.